Match 47410561
Unlisted

Match 47410561
End
Construct Infanterie Kompanie
Selects Italian Coastal Battlegroup
Selects Coastal Reserves
Coastal Reserve
MG 42 Machine Gun Team
Coastal Reserve
MG 42 Machine Gun Team
Construct Luftwaffe Kompanie
Coastal Reserve
Support Elements
Jäger Squad
Jäger Squad
Wirbelwind Flakpanzer
Medical Bunker
Selects Support Bunkers
Selects Rapid Fortifications
Rapid Fortifications
Wirbelwind Flakpanzer
Repair Bunker
Marder III M Tank Destroyer
Rapid Fortifications
Luftwaffe Officer Quarters
Anti-tank Bunker
Selects Bulwark
Coastal Reserve
Rapid Fortifications
Construct Panzer Kompanie
Jäger Squad
Jäger Squad
Panzer IV Medium Tank
Panzer IV Medium Tank
Rapid Fortifications
Anti-tank Bunker
Panzer IV Medium Tank
Medical Station
KoalaImpala
Tanith's Finest
FuzzyWIG
LicketySplit
Cobolt_Phoenix
JOE
0
0

Comments sign in to comment!

No comments posted yet!